 Dungeon Crawl Stone Soup version 0.26-a0-83-g7ccd015ce0 (webtiles) character file.

Game seed: 5490167980450056157

334 Gargoyl the Skirmisher (level 6, -5/52 HPs)
             Began as a Centaur Abyssal Knight on June 16, 2020.
             Was a Believer of Lugonu.
             Slain by an ogre
             ... wielding a +0 giant club
              (24 damage)
             ... on level 4 of the Dungeon.
             The game lasted 00:05:01 (4014 turns).

Gargoyl the Skirmisher (Centaur Abyssal Knight)     Turns: 4014, Time: 00:05:01

Health: -5/52      AC: 10    Str: 15    XL:     6   Next: 27%
Magic:  8/8        EV:  7    Int: 11    God:    Lugonu [**....]
Gold:   211        SH:  0    Dex: 10    Spells: 5/5 levels left

rFire    . . .     SeeInvis .   a - +1 hand axe
rCold    . . .     Gourm    .   (no shield)
rNeg     . . .     Faith    .   p - +0 scale mail
rPois    .         Spirit   .   j - +1 helmet
rElec    .         Reflect  .   q - scarf {+Inv}
rCorr    .         Harm     .   d - +0 pair of gloves
MR       .....                  (no barding)
Stlth    ..........             (no amulet)
HPRegen  0.17/turn              (no ring)
MPRegen  0.11/turn              (no ring)

@: very quick
A: large, hooves 3, deformed body, speed 2, tough skin 3
a: Depart the Abyss, Bend Space, Renounce Religion, Evoke Invisibility


You were on level 4 of the Dungeon.
You worshipped Lugonu.
Lugonu was pleased with you.
You were not hungry.

You visited 1 branch of the dungeon, and saw 4 of its levels.
You visited the Abyss 1 time.

You collected 211 gold pieces.

Inventory:

Hand Weapons
 a - a +1 hand axe (weapon)
 m - a +0 war axe
Missiles
 o - a javelin (quivered)
Armour
 d - a +0 pair of gloves (worn)
 j - a +1 helmet (worn)
 p - a +0 scale mail (worn)
 q - a scarf of invisibility (worn)
Wands
 i - a wand of flame (13)
Scrolls
 b - a scroll of identify
 h - a scroll of teleportation
 k - 2 scrolls of remove curse
Potions
 e - a potion of brilliance {unknown}
 f - a potion of haste
 g - 2 potions of curing
 l - a potion of flight {unknown}
 n - a potion of might {unknown}
Comestibles
 c - 11 rations


   Skills:
 + Level 3.7 Fighting
 + Level 3.4 Axes
 * Level 2.8 Armour
 * Level 2.0 Dodging
 * Level 3.2 Invocations


You had 5 spell levels left.
You didn't know any spells.
Your spell library contained the following spells:

 Spells                   Type           Power        Failure   Level  Hunger
 Animate Skeleton         Necr           N/A          80%         1    ##.....
 Apportation              Tloc           #.....       80%         1    ##.....
 Corona                   Hex            #......      80%         1    ##.....
 Summon Small Mammal      Summ           #...         80%         1    ##.....


Dungeon Overview and Level Annotations

Branches:
Dungeon (4/15)
 Temple: D:4-7

Altars:
Dithmenos


Innate Abilities, Weirdness & Mutations

You have hooves in place of feet.
Armour fits poorly on your strangely shaped body.
You cover ground very quickly.
You have extremely tough skin. (AC +3)


Message History

Press: ? - help, Shift-Dir - straight line, f/p - frilled lizard
Aim: a frilled lizard You throw a javelin.
The javelin pierces through the frilled lizard.
You kill the frilled lizard!
Lugonu accepts your kill.
The javelin barely misses the ogre.
The ogre hits you with a +0 giant club!
Unknown command.
You hit the ogre. You kick the ogre.
The ogre is severely wounded.
The ogre barely misses you.
You hit the ogre.
The ogre is severely wounded.
You hit the ogre.
The ogre is severely wounded.
The ogre barely misses you.
You hit the ogre. Your kick misses the ogre.
The ogre is almost dead.
The ogre hits you with a +0 giant club!!
You die...

####** #....* ** #....# ****,
#....# *,,,, #....###### #####
*,**, #.........# #...#
*****,**, #.........# #...#
*,,,,,,,, ##.........###...#
*,***,*** *#..#...[.#.@##...#
*,***,*
#####.##.#.#.#.##O#...###.#,,,*
.....##.⌠.###.♣.##..?(.....,***
....####.#.#.#.####........,*
....#.#.###.#,#.#,#........<*
...#.⌠.###.♣.#*#.♣^#.>.....**
....#.###.#,#.#,#.#,.......*
...(###*.#,**#.####,...(...*
.....#*,⌠,***,⌠.#*,*.......*


You could see an ogre.

Vanquished Creatures
  A bullfrog zombie (D:3)
  3 orc priests
  Natasha (thrice) (D:3)
  An orc wizard (D:3)
  A worker ant (D:4)
  2 adders
  2 oozes
  A worm (D:2)
  A leopard gecko (D:2)
  5 orcs
  7 bats
  2 giant cockroaches
  7 goblins
  5 hobgoblins
  4 jackals (D:3)
  3 ball pythons
  7 frilled lizards
  7 kobolds
  6 rats
68 creatures vanquished.

Notes
Turn   | Place    | Note
-------+----------+-------------------------------------------
     0 | Abyss:1  | Gargoyl the Centaur Abyssal Knight began the quest for the
                  | Orb.
     0 | Abyss:1  | Reached XP level 1. HP: 19/19 MP: 2/2
   148 | D:1      | Escaped the Abyss
   360 | D:1      | Reached * piety under Lugonu
   443 | D:1      | Reached XP level 2. HP: 26/26 MP: 3/3
   727 | D:1      | Reached skill level 1 in Dodging
   980 | D:2      | Found a faded altar of an unknown god.
  1289 | D:2      | Found a shadowy altar of Dithmenos.
  1325 | D:2      | Reached XP level 3. HP: 22/31 MP: 4/4
  2114 | D:3      | Noticed Natasha
  2120 | D:3      | Killed Natasha
  2120 | D:3      | Reached XP level 4. HP: 38/38 MP: 5/5
  2255 | D:3      | Noticed Natasha
  2266 | D:3      | Killed Natasha
  2266 | D:3      | Reached ** piety under Lugonu
  2350 | D:3      | Reached XP level 5. HP: 45/45 MP: 7/7
  2999 | D:3      | Noticed Natasha
  3008 | D:3      | Killed Natasha
  3494 | D:2      | Reached XP level 6. HP: 49/52 MP: 8/8
  4014 | D:4      | Slain by an ogre

Illustrated notes

Levels and vault maps discovered:
D:1:      shiori_arrival_elements, layout_basic
D:2:      layout_loops_cross, lemuel_round_altar,
          chequers_ecumenical_altar_twisty, ebering_dispersal_statue_hall
D:3:      layout_loops_cross, first_ration, uniq_natasha
D:4:      layout_basic, serial_shops, nicolae_shop_competitors_out_of_business,
          grunt_decor_mini_mirrors, minmay_misc_feat_tiny

Skill      XL: |  1  2  3  4  5 |
---------------+----------------+-----
Axes           | 2 3 |  3.4
Dodging        | 1 2 |  2.0
Armour         | 2 |  2.8
Invocations    | 3 |  3.2
Fighting       | |  3.7

Action                   |  1- 3 |  4- 6 || total
-------------------------+-------+-------++-------
Melee: Hand axe          |    98 |   120 ||   218
       Kick              |    14 |    27 ||    41
Throw: Javelin           |       |     3 ||     3
Invok: Depart the Abyss  |     1 |       ||     1
  Use: Scroll            |     6 |     6 ||    12
  Eat: Chunk             |     2 |     6 ||     8
Armor: Leather armour    |    13 |       ||    13
       Scale mail        |    41 |    84 ||   125
Dodge: Dodged            |    52 |    46 ||    98

Table legend:
 A = Non-vault XP
 B = Vault XP
 C = Vault XP percentage of total XP
 D = Non-vault monster count
 E = Vault monster count
 F = Vault count percentage of total count
                 A         B        C        D         E       F
            +---------+---------+-------+---------+---------+-------
      Total |     443 |      35 |   7.3 |      67 |       1 |   1.5
            +---------+---------+-------+---------+---------+-------
        D:1 |      28 |       0 |   0.0 |      15 |       0 |   0.0
        D:2 |      86 |       0 |   0.0 |      18 |       0 |   0.0
        D:3 |     290 |      35 |  10.8 |      28 |       1 |   3.4
        D:4 |      39 |       0 |   0.0 |       6 |       0 |   0.0
            +---------+---------+-------+---------+---------+-------
